 Dungeon Crawl Stone Soup version 0.17-a0-119-g2b06fc5 (webtiles) character file.

336 Ngotmuk the Covered (level 6, -2/57 HPs)
             Began as a Deep Dwarf Fighter on Mar 21, 2015.
             Was a Follower of Cheibriados.
             Slain by Crazy Yiuf
             ... wielding a +2 quarterstaff of chaos
              (4 damage)
             ... on level 3 of the Dungeon.
             The game lasted 00:10:24 (2218 turns).

Ngotmuk the Covered (Deep Dwarf Fighter)            Turns: 2218, Time: 00:10:24

Health: -2/57      AC:  9    Str: 24    XL:     6   Next: 28%
Magic:  12/15      EV:  9    Int: 12    God:    Cheibriados [*.....]
Gold:   154        SH: 10    Dex: 15    Spells: 0 memorised, 5 levels left

rFire  . . .     SeeInvis .     a - +0 flail
rCold  . . .     Clarity  .     b - +0 scale mail
rNeg   . . .     SustAb   .     c - +0 shield
rPois  .         Gourm    .     q - +0 helmet
rElec  .         Spirit   .     (no cloak)
rCorr  .         Warding  .     x - +0 pair of gloves
rMut   .         Stasis   .     (no boots)
MR     .....                    (no amulet)
Stlth  ..........               (no ring)
                                y - ring of magical power

@: non-regenerating, very slow, not resistant to hostile enchantments, extremely
unstealthy
A: damage resistance, recharge devices, sense surroundings 1, slow healing 3
a: Device Recharging, Bend Time, Renounce Religion


You were on level 3 of the Dungeon.
You worshipped Cheibriados.
Cheibriados was aware of your devotion.
You were not hungry.

You visited 1 branch of the dungeon, and saw 3 of its levels.
You also visited: Sewer.

You collected 154 gold pieces.

Inventory:

Hand weapons
 a - a +0 flail (weapon)
Armour
 b - a +0 scale mail (worn)
 c - a +0 shield (worn)
 q - a +0 helmet (worn)
 x - a +0 pair of gloves (worn)
Jewellery
 y - a ring of magical power (left hand)
Magical devices
 d - a wand of heal wounds (4)
 E - a wand of polymorph (0)
Scrolls
 g - a scroll of teleportation {unknown}
 h - a scroll of immolation {unknown}
 i - a scroll of amnesia {unknown}
 j - 2 scrolls of enchant armour {unknown}
 o - 3 scrolls of identify {unknown}
 r - 2 scrolls of fog {unknown}
 t - a scroll of fear {unknown}
 w - a scroll of remove curse {unknown}
 D - a scroll of magic mapping {unknown}
Potions
 e - 2 potions of might
 k - 3 potions of curing {unknown}
 m - a potion of invisibility {unknown}
 p - a potion of lignification {unknown}
 u - 3 potions of heal wounds {unknown}
 v - a potion of agility {unknown}
 z - 2 potions of restore abilities {unknown}
 A - 3 potions of flight {unknown}
 B - 4 potions of brilliance {unknown}
 C - a potion of magic {unknown}
Comestibles
 f - 4 bread rations
 l - a slice of pizza
 n - a meat ration
 s - a fruit


   Skills:
 + Level 3.8 Fighting
 + Level 3.5 Maces & Flails
 + Level 4.6 Armour
 + Level 2.7 Dodging
 + Level 4.3 Shields


You had 5 spell levels left.
You didn't know any spells.

Dungeon Overview and Level Annotations

Branches:
Dungeon (3/15)

Altars:
Cheibriados
Gozag
Kikubaaqudgha
Xom

Shops:
D:3 *

Annotations:
D:3 Crazy Yiuf


Innate Abilities, Weirdness & Mutations

You are resistant to damage.
You can recharge devices by infusing magical energy.
You passively map a small area around you.
You do not heal naturally.


Message History

You hit Crazy Yiuf!
Crazy Yiuf is heavily wounded.
Crazy Yiuf hits you with a quarterstaff of chaos!
You feel your power leaking away.
Your shield and scale mail prevent you from hitting Crazy Yiuf.
Crazy Yiuf is heavily wounded.
You block Crazy Yiuf's attack.
You hit Crazy Yiuf!
Crazy Yiuf is almost dead.
You block Crazy Yiuf's attack.
Your shield and scale mail prevent you from hitting Crazy Yiuf.
Crazy Yiuf is almost dead.
Crazy Yiuf closely misses you.
Crazy Yiuf hits you with a quarterstaff of chaos.
You are electrocuted!
* * * LOW HITPOINT WARNING * * *
You hit Crazy Yiuf but do no damage.
Crazy Yiuf is almost dead.
Crazy Yiuf hits you with a quarterstaff of chaos.
You die...

#.......# #......######.
#.......######)#######.....
#.##...........# #.###.
#.############## #.##.. #.#
###.##.. ##.##♣♣♣♣♣
###....... #..+...♣)♣♣♣ ###
#.........
#.....P)♣..♣#).)#
#.#.#..#.#
#......♣♣♣♣@g...#
#.#.#..#.. ##.+.P♣♣ ♣♣#).)#
#...#..### ####♣♣ **###
#..##..### #..##.....
#......### ##.....## #
#.#.##.# # #.#.##.# #
#.#....# #


You could see Crazy Yiuf.

Vanquished Creatures
  Sigmund (D:3)
  A big kobold (Sewer)
  A centaur skeleton (D:3)
  Jessica (D:3)
  Robin (D:2)
  A gnoll (D:1)
  3 adders
  3 river rats (Sewer)
  A worm (D:3)
  An ooze (D:1)
  An orc (D:3)
  4 giant cockroaches
  11 goblins
  8 hobgoblins
  2 jackals (Sewer)
  11 kobolds
  2 ball pythons
  9 bats
  2 giant geckos (D:1)
  3 giant newts
  10 rats
77 creatures vanquished.

Notes
Turn   | Place    | Note
--------------------------------------------------------------
     0 | D:1      | Ngotmuk, the Deep Dwarf Fighter, began the quest for the Orb.
     0 | D:1      | Reached XP level 1. HP: 20/20 MP: 1/1
   124 | D:1      | Reached XP level 2. HP: 27/27 MP: 2/2
   133 | D:1      | Reached skill level 1 in Dodging
   262 | D:1      | Reached XP level 3. HP: 29/33 MP: 3/3
   810 | D:2      | Noticed Robin
   823 | D:2      | Killed Robin
   831 | D:2      | Reached XP level 4. HP: 29/42 MP: 4/4
   874 | D:2      | Found a snail-covered altar of Cheibriados.
   885 | D:2      | Found a shimmering altar of Xom.
   885 | D:2      | Found an ancient bone altar of Kikubaaqudgha.
  1225 | D:2      | Became a worshipper of Cheibriados the Contemplative
  1400 | D:3      | Found a glowing drain.
  1420 | Sewer    | Entered a sewer
  1425 | Sewer    | Reached skill level 4 in Armour
  1463 | Sewer    | Noticed a big kobold
  1470 | Sewer    | Killed a big kobold
  1470 | Sewer    | Reached XP level 5. HP: 33/49 MP: 5/5
  1499 | Sewer    | Found a white marble altar of Elyvilon.
  1636 | D:3      | Acquired Cheibriados' first power
  1659 | D:3      | Noticed Jessica
  1664 | D:3      | Killed Jessica
  1794 | D:3      | Noticed Sigmund
  1818 | D:3      | Killed Sigmund
  1818 | D:3      | Reached XP level 6. HP: 3/57 MP: 6/6
  1999 | D:3      | Found Gozag's Platinum Reserve.
  2000 | D:3      | Found an opulent altar of Gozag.
  2210 | D:3      | Noticed Crazy Yiuf
  2217 | D:3      | HP: 2/57 [Crazy Yiuf/quarterstaff of chaos (17)]
  2218 | D:3      | Slain by Crazy Yiuf

Action                   |  1- 3 |  4- 6 || total
-------------------------+-------+-------++-------
Melee: Flail             |    97 |   117 ||   214
       Unarmed           |       |     7 ||     7
Evoke: Wand              |       |     1 ||     1
  Use: Scroll            |       |     1 ||     1
  Eat: Fruit             |       |     3 ||     3
       Beef jerky        |       |     1 ||     1
